 Seeded DCSS version 0.31-a0-1549-g5ff9445e89 (webtiles) character file.

Game seed: 18266249142797792839 (custom seed)

1714 innerfire43 the Caller (level 8, -1/54 HPs)
             Began as a Demonspawn Wanderer on Jan 2, 2024.
             Was a Priest of Hepliaklqana.
             Shot with an arrow by an orc warrior (17 damage)
             ... on level 6 of the Dungeon.
             The game lasted 00:12:04 (4492 turns).

innerfire43 the Caller (Demonspawn Wanderer)        Turns: 4492, Time: 00:12:05

Health: -1/54      AC:  5    Str: 12    XL:     8   Next: 74%
Magic:  16/16      EV: 21    Int: 18    God:    Hepliaklqana [***...]
Gold:   296        SH:  0    Dex: 10    Spells: 17/18 levels left

rFire   . . .        s - +4 quarterstaff (flame)
rCold   . . .        (shield currently unavailable)
rNeg    . . .        c - +0 robe
rPois   .            (no helmet)
rElec   .            t - +0 cloak
rCorr   .            (no gloves)
SInv    .            (no boots)
Will    .....        q - amulet of regeneration
Stlth   +            g - +5 ring of evasion
HPRegen 1.09/turn    r - +5 ring of evasion
MPRegen 0.15/turn

%: no passive effects
@: no status effects
A: reduced essence, molten scales 1, spiny 1, weakness stinger 1, claws 1
a: Renounce Religion, Recall Ancestor, Ancestor Identity, Transference


You were on level 6 of the Dungeon.
You worshipped Hepliaklqana.
Hepliaklqana was most pleased with you.
You visited 1 branch of the dungeon, and saw 6 of its levels.

You collected 296 gold pieces.

Inventory:

Hand Weapons
 a - a +0 club
 e - a +4 falchion
 s - a +4 quarterstaff of flaming (weapon)
 A - a +2 whip of electrocution
 D - a +3 flail
Missiles
 m - 2 throwing nets
Armour
 c - a +0 robe (worn)
 t - a +0 cloak (worn)
 z - a scarf of harm
 B - a +1 robe of positive energy
 C - a +0 plate armour
Jewellery
 g - a +5 ring of evasion (left claw)
 i - a ring of see invisible
 q - an amulet of regeneration (around neck)
 r - a +5 ring of evasion (right claw)
 u - an amulet of faith
 E - a ring of ice
Wands
 k - a wand of charming (7)
 v - a wand of polymorph (1)
 F - a wand of iceblast (8)
Scrolls
 b - 3 scrolls of fear
 d - 2 scrolls of vulnerability
 j - 2 scrolls of teleportation
 w - 2 scrolls of summoning
 x - a scroll of identify
 y - 2 scrolls of amnesia
 G - 2 scrolls of blinking
Potions
 f - 3 potions of brilliance
 h - 2 potions of attraction {unknown}
 l - a potion of enlightenment {unknown}
 n - a potion of heal wounds
 o - a potion of mutation
 p - a potion of lignification


   Skills:
 + Level 3.9 Fighting
 * Level 4.8 Staves
 - Level 1.0 Dodging
 - Level 1.0 Stealth
 * Level 5.8 Spellcasting
 * Level 7.4 Summonings
 - Level 1.7 Translocations


You had 17 spell levels left.
You knew the following spells:

 Your Spells              Type           Power      Damage    Failure   Level
a - Summon Small Mammal   Summ           100%       N/A       1%          1

Your spell library contained the following spells:

 Spells                   Type           Power      Damage    Failure   Level
 Apportation              Tloc           22%        N/A       6%          1
 Foxfire                  Conj/Fire      20%        2x1d5     12%         1
 Shock                    Conj/Air       20%        1d4       12%         1
 Gell's Gravitas          Tloc           11%        N/A       19%         3
 Martyr's Knell           Necr/Summ      18%        N/A       26%         4
 Summon Blazeheart Golem  Fire/Summ      18%        N/A       26%         4
 Summon Lightning Spire   Summ/Air       18%        N/A       26%         4
 Orb of Destruction       Conj           2%         9d5       100%        7
 Spellforged Servitor     Conj/Summ      9%         N/A       100%        7


Dungeon Overview and Level Annotations

Branches:
Dungeon (6/15)             Temple (0/1) D:6

Altars:
Hepliaklqana

Shops:
D:6 (


Innate Abilities, Weirdness & Mutations

Your life essence is reduced to manifest your ancestor. (-10% HP)
You are partially covered in molten scales. (AC +2)
You are partially covered in sharp spines.
You have a small tail.
You have sharp fingernails.


Message History

You thump the orc warrior! You burn the orc warrior.
The orc warrior is heavily wounded.
The orc priest mumbles some strange prayers to Beogh against you.
Pain shoots through your body! The shadow imp misses you.
The orc is struck by your spines. The orc barely misses you.
The orc priest calls upon Beogh to heal the orc warrior.
The orc warrior is healed somewhat.
The orc warrior unwields a +0 orcbow.
The orc warrior wields a +0 battleaxe.
The orc warrior is struck by your spines.
The orc warrior closely misses you.
You hit the orc. You burn the orc.
You kill the orc!
The shadow imp misses you. The orc priest misses you.
Unknown command.
You hit the orc warrior but do no damage.
The orc warrior is moderately wounded.
Ealamassi hits the orc warrior but does no damage.
The shadow imp hits you.
The orc priest looks braver for a moment.
The orc priest hits Ealamassi with a +0 flail!
Unknown command.
You hit the orc warrior. You burn the orc warrior.
The orc warrior is heavily wounded.
The orc warrior is struck by your spines.
The orc warrior hits you with a +0 battleaxe!
The orc warrior hits Ealamassi with a +0 battleaxe!
Ealamassi is destroyed!
The orc priest hits you with a +0 dagger.
The orc priest mumbles some strange prayers to Beogh against you.
Pain shoots through your body!
* * * LOW HITPOINT WARNING * * *
The shadow imp is struck by your spines.
The shadow imp misses you. The black bear closely misses you.
The black bear claws you but does no damage. x2
You are too injured to fight recklessly!
Okay, then.
The orc warrior unwields a +0 battleaxe.
The orc warrior wields a +0 orcbow.
The orc warrior shoots an arrow.
The arrow hits you!
You die...

##.####..#.......##.##.
........##.......##.#..
.....##.).>.....#####.8
....##.##.#.##...# #..
#...#.##.###.....###. .
#...#....####....# ..
... ##.........##..#.#
..
#...#.............##.#
.> ##....5.@...?..##..
# ......)...###..# ..
.....oooh..# ...#
....(.).##.....##
......##. ...... ......
. ....... ......
........ ..#.. .. .....
..... ..#


You could see an orc warrior, a black bear, 2 orc priests and a shadow imp.

Vanquished Creatures
  Menkaure (D:6)
  A black bear (D:3)
  An ogre (D:5)
  A scorpion (D:5)
  4 wights
  2 orc priests
  Crazy Yiuf (D:2)
  6 orc wizards
  2 iguanas
  2 gnolls (D:4)
  4 adders
  A shadow imp (D:6)
  4 dart slugs
  9 orcs
  7 ball pythons
  4 endoplasms
  A giant cockroach (D:1)
  4 goblins
  4 hobgoblins
  7 jackals
  4 kobolds
  2 quokkas
  2 bats
  2 frilled lizards
  4 rats
80 creatures vanquished.

Vanquished Creatures (collateral kills)
  Pikel (D:4)
  A water moccasin (D:5)
  2 lemures (D:4)
  A scorpion (D:4)
  A wight (D:5)
  An orc priest (D:3)
  A gnoll (D:4)
  A white imp (D:5)
  A dart slug (D:2)
  6 orcs
  An endoplasm (D:4)
  2 giant cockroaches
  A goblin (D:2)
  2 jackals (D:1)
  2 kobolds
  3 ball pythons
  2 bats
  A rat (D:2)
30 creatures vanquished.

Vanquished Creatures (others)
  2 battlemagi (D:6)
  An ancestor (D:2)
3 creatures vanquished.

Grand Total: 113 creatures vanquished

Notes
Turn   | Place    | Note
-------+----------+-------------------------------------------
     0 | D:1      | innerfire43 the Demonspawn Wanderer began the quest for the
                  | Orb.
     0 | D:1      | innerfire43 set off with the following items: a +0 club, a
                  | scroll of fear, a +0 robe, a scroll of vulnerability; and
                  | the following spells available to memorise: Summon Small
                  | Mammal, Apportation, Gell's Gravitas, Martyr's Knell,
                  | Summon Lightning Spire.
     0 | D:1      | Reached XP level 1. HP: 15/15 MP: 2/2
    48 | D:1      | Learned a level 1 spell: Summon Small Mammal
   160 | D:1      | Gained mutation: You have a small tail. [demonic ancestry]
   160 | D:1      | Reached XP level 2. HP: 9/21 MP: 0/4
   405 | D:1      | Found a faded altar of an unknown god.
   956 | D:1      | Prayed at the altar of an unknown god.
   956 | D:1      | Became a worshipper of Hepliaklqana the Forgotten
   956 | D:1      | Reached * piety under Hepliaklqana
  1069 | D:2      | Reached XP level 3. HP: 23/23 MP: 6/6
  1886 | D:2      | Found a runed translucent door.
  1887 | D:2      | Noticed Crazy Yiuf
  1960 | D:2      | Reached XP level 4. HP: 28/28 MP: 7/7
  2229 | D:2      | Killed Crazy Yiuf
  2230 | D:2      | Reached skill level 5 in Summonings
  2386 | D:3      | Reached XP level 5. HP: 33/33 MP: 9/9
  2397 | D:3      | Reached ** piety under Hepliaklqana
  2398 | D:3      | Remembered your ancestor Ealamassi as a battlemage
  2403 | D:3      | Reached skill level 1 in Staves
  2418 | D:3      | Noticed a black bear
  2424 | D:3      | Killed a black bear
  2425 | D:3      | Gained mutation: You are partially covered in sharp spines.
                  | [demonic ancestry]
  2425 | D:3      | Reached XP level 6. HP: 22/39 MP: 9/11
  3165 | D:4      | Noticed Pikel
  3176 | D:4      | Killed Pikel
  3177 | D:4      | Reached skill level 6 in Summonings
  3177 | D:4      | Reached XP level 7. HP: 11/45 MP: 10/13
  3367 | D:4      | Got Kysh's Beginning the Wizard's Wisdom
  3687 | D:5      | Entered Level 5 of the Dungeon
  3857 | D:5      | Gained mutation: You are partially covered in molten
                  | scales. (AC +2) [demonic ancestry]
  3857 | D:5      | Reached XP level 8. HP: 51/52 MP: 15/15
  3871 | D:5      | Reached skill level 5 in Spellcasting
  4153 | D:6      | Reached skill level 7 in Summonings
  4204 | D:5      | Gained mutation: You are dopey. (Int -2) [potion of
                  | mutation]
  4204 | D:5      | Lost mutation: You are dopey. (Int -2) [potion of mutation]
  4204 | D:5      | Gained mutation: You have sharp fingernails. [potion of
                  | mutation]
  4248 | D:6      | Noticed Menkaure
  4256 | D:6      | Killed Menkaure
  4312 | D:6      | Found Guriki's Antique Weapon Emporium.
  4349 | D:6      | Reached *** piety under Hepliaklqana
  4442 | D:6      | Found a staircase to the Ecumenical Temple.
  4492 | D:6      | Shot with an arrow by an orc warrior

Illustrated notes

Levels and vault maps discovered:
D:1:      ncdulo_lavacross, layout_loops_ring,
          hellmonk_ecumenical_altar_arch_garden
D:2:      minmay_diamond_boxcup, layout_loops_ring, uniq_crazy_yiuf_cottage
D:3:      layout_basic, chequers_arboretum
D:4:      layout_basic, uniq_pikel
D:5:      layout_cave_pools
D:6:      layout_cave_pools, mainiacjoe_overflow_cross_hatched,
          minmay_temple_entry_antechambers, serial_shops, nicolae_diamond_shop,
          dreamdust_mushroom_princess, grunt_decor_resistance, uniq_menkaure,
          uniq_maggie

Skill      XL: |  1  2  3  4  5  6  7  8 |
---------------+-------------------------+-----
Spellcasting   | 2 3 4 5 |  5.8
Summonings     | 5 6 7 |  7.4
Staves         | 1 3 4 |  4.8
Fighting       | 2 3 |  3.9
Dodging        | |  1.0
Stealth        | |  1.0
Translocations | |  1.7

Action                     |  1- 3 |  4- 6 |  7- 9 || total
---------------------------+-------+-------+-------++-------
  Melee: Club              |   132 |    17 |       ||   149
         Tailslap          |    15 |     9 |     3 ||    27
         Quarterstaff      |       |    48 |    57 ||   105
   Cast: Summon Small Mamm |    14 |     7 |     7 ||    28
 Invoke: Recall Ancestor   |     2 |     1 |     1 ||     4
         Ancestor Identity |     2 |       |       ||     2
         Ancestor Life: Ba |       |     1 |       ||     1
    Use: Scroll            |       |     5 |     6 ||    11
         Potion            |       |       |     4 ||     4
   Stab: Sleeping          |     3 |     3 |     1 ||     7
         Distracted        |       |       |     1 ||     1
 Armour: Robe              |    99 |    27 |    34 ||   160
  Dodge: Dodged            |   113 |    61 |    72 ||   246

Table legend: (Time is in decaauts)
 A = Elapsed time spent in this place.
 B = Non-inter-level travel time spent in this place.
 C = Inter-level travel time spent in this place.
 D = Time resting spent in this place.
 E = Time spent auto-exploring this place.
 F = Levels seen in this place.
 G = Mean time per level.
                   A        B        C        D        E       F      G
               +--------+--------+--------+--------+--------+-----+--------+
         Total |   4538 |   4167 |    371 |      0 |   3208 |   6 |  756.3 |
       Dungeon |   4538 |   4167 |    371 |      0 |   3208 |   6 |  756.3 |
               +--------+--------+--------+--------+--------+-----+--------+

Top non-repeatable levels by time:
     D:2: 1287 daAuts
     D:1: 1085 daAuts
     D:3: 695 daAuts
     D:4: 674 daAuts
     D:5: 516 daAuts
     D:6: 279 daAuts
